Predators vs Oilers

Created - January 7 2008 at 16:34

Goals
1 2 3 T
Predators 1 0 0 1
Oilers 2 2 2 6
Shots
1 2 3 T
Predators 10 7 7 24
Oilers 11 7 14 32

Period #1

1. Oilers , Fernando Pisani 5 (Saku Koivu) at 0:57
2. Predators , Josef Vasicek 1 (Martin Erat, Marek Zidlicky) at 7:57
3. Oilers , Daniel Tjarnqvist 3 (Fernando Pisani, Pierre-Marc Bouchard) at 13:02 (PP)

Penalties :
Alexei Zhitnik (EDM) for Boarding (Minor) at 2:49, Francis Bouillon (EDM) for Hooking (Minor) at 9:58, Martin Erat (NSH) for Interference (Minor) at 11:58

Period #2

4. Oilers , Ryan Smyth 21 (Shawn Horcoff) at 7:55
5. Oilers , Ryan Smyth 22 (Nicklas Lidstrom, Dwayne Roloson) at 17:33 (PP)

Penalties :
Radek Dvorak (EDM) for Roughing (Minor) at 5:26, Zbynek Michalek (NSH) for Hooking (Minor) at 14:22, Shea Weber (NSH) for Slashing (Minor) at 16:22, Jeff Carter (NSH) for Hooking (Minor) at 17:58

Period #3

6. Oilers , Ryan Smyth 23 (Jaroslav Spacek, Petr Sykora) at 0:26
7. Oilers , Radek Dvorak 5 (Francis Bouillon, Pierre-Marc Bouchard) at 19:24

Penalties :
Scott Hartnell (NSH) for Roughing (Minor) at 2:48, Shea Weber (NSH) for Unsportsmanlike conduct (Major / Game Misconduct) at 14:13

Goalie Stats

Chris Mason (NSH), 14 saves from 16 shots - (0.875), 22:27 minutes
Tomas Vokoun (NSH), 12 saves from 16 shots - (0.750), L, 20-14-3, 37:33 minutes
Dwayne Roloson (EDM), 23 saves from 24 shots - (0.958), W, 21-20-1, 60:00 minutes

Players Stats

Predators
Player Name              G  A  P  +/- PIM S  H  SB FO MP 
-----------------------------------------------------------
Alexandre Burrows        0  0  0  -1  0   0  0  0  0  2  
Brad Boyes               0  0  0  -2  0   1  1  0  1  16 
David Legwand            0  0  0  -2  0   2  2  0  26 23 
Derek Morris             0  0  0  -2  0   0  3  2  0  23 
Jeff Carter              0  0  0  -2  2   0  1  0  23 17 
Josef Vasicek            1  0  1   1  0   2  0  0  18 18 
Marek Zidlicky           0  1  1   1  0   0  1  1  0  21 
Martin Erat              0  1  1   1  2   5  0  0  2  13 
Paul Kariya              0  0  0  -2  0   1  0  0  2  18 
Ryan Suter               0  0  0  -2  0   1  0  0  0  22 
Scott Hartnell           0  0  0  -2  2   5  3  0  1  17 
Scott Nichol             0  0  0   0  0   0  1  1  12 12 
Scottie Upshall          0  0  0   0  0   0  0  0  0  5  
Shea Weber               0  0  0  -1  17  1  1  1  0  19 
Steve Sullivan           0  0  0  -2  0   4  1  1  0  20 
Todd Bertuzzi            0  0  0   1  0   0  1  0  0  17 
Tomas Kaberle            0  0  0  -2  0   1  1  0  0  20 
Zbynek Michalek          0  0  0   1  2   1  1  0  0  19 
Oilers
Player Name              G  A  P  +/- PIM S  H  SB FO MP 
-----------------------------------------------------------
Alexei Zhitnik           0  0  0   0  2   1  1  1  0  24 
Daniel Tjarnqvist        1  0  1   1  0   1  0  1  0  21 
Ethan Moreau             0  0  0  -1  0   0  0  0  0  10 
Fernando Pisani          1  1  2   1  0   1  2  0  0  22 
Francis Bouillon         0  1  1   1  2   3  0  2  0  17 
Jaroslav Spacek          0  1  1   2  0   0  3  0  0  22 
Marty Reasoner           0  0  0   1  0   2  0  0  18 16 
Nicklas Lidstrom         0  1  1   1  0   2  3  0  0  26 
Patrick Thoresen         0  0  0  -1  0   1  0  0  0  8  
Petr Sykora              0  1  1   2  0   3  0  0  2  18 
Pierre-Marc Bouchard     0  2  2   1  0   1  0  0  0  19 
Radek Dvorak             1  0  1   1  2   3  0  0  0  13 
Raffi Torres             0  0  0   1  0   1  0  0  1  13 
Ryan Johnson             0  0  0  -1  0   0  2  0  10 11 
Ryan Smyth               3  0  3   2  0   8  3  0  2  20 
Saku Koivu               0  1  1   1  0   2  0  0  28 19 
Shawn Horcoff            0  1  1   2  0   3  0  0  24 18 
Steve Staios             0  0  0   1  0   0  0  0  0  15 

3 Stars

1 - Ryan Smyth (EDM)
2 - Fernando Pisani (EDM)
3 - Dwayne Roloson (EDM)

Power Play

Predators - 0 on 3 Attempt(s) - 0.00%
Oilers - 2 on 6 Attempt(s) - 33.33%

Penalty Kill

Predators - 4 on 6 Attempt(s) - 66.67% - Score 0 goal in Penalty Kill
Oilers - 3 on 3 Attempt(s) - 100.00% - Score 0 goal in Penalty Kill

Game Notes

Chris Mason enters game at 17:33 of 2nd period
Ryan Smyth has scored a Hat Trick!
Shea Weber ejected from game at 14:13 of 3rd period

Finance

Level 1 -- Attendance: 4118 (68.63%) -- Ticket Income $411,800.00
Level 2 -- Attendance: 4250 (86.00%) -- Ticket Income $191,250.00
Level 3 -- Attendance: 1788 (89.42%) -- Ticket Income $53,640.00
Level 4 -- Attendance: 3288 (82.21%) -- Ticket Income $65,760.00
Luxury Box -- Attendance: 915 (91.51%) -- Ticket Income $183,000.00
Game was played at the Rexall Place
Total Attendance: 14359 (87.61%)
Total Ticket Income: $948,536.30
Other Income: $138,821.10
Total Income: $1,087,357.00


Play by Play

Period #1

0:01 of 1st period - David Legwand wins face-off versus Shawn Horcoff in neutral zone.
0:28 of 1st period - Shot by Petr Sykora.
0:28 of 1st period - Stopped by Tomas Vokoun without a rebound.
0:29 of 1st period - Jeff Carter wins face-off versus Saku Koivu in Predators zone.
0:36 of 1st period - Shot by Scott Hartnell.
0:36 of 1st period - Deflect By Steve Sullivan.
0:36 of 1st period - Shot Misses the Net.
0:38 of 1st period - Shot by Steve Sullivan.
0:38 of 1st period - Stopped by Dwayne Roloson without a rebound.
0:39 of 1st period - Josef Vasicek wins face-off versus Marty Reasoner in Oilers zone.
0:47 of 1st period - Off-side.
0:48 of 1st period - Saku Koivu wins face-off versus Jeff Carter in neutral zone.
0:55 of 1st period - Shot by Saku Koivu.
0:55 of 1st period - Shot Misses the Net.
0:57 of 1st period - Shot by Fernando Pisani.
0:57 of 1st period - Goal by Fernando Pisani - Predators : 0 - Oilers : 1.
0:58 of 1st period - Shawn Horcoff wins face-off versus David Legwand in neutral zone.
1:14 of 1st period - Jaroslav Spacek is hit by Brad Boyes and loses puck.
1:34 of 1st period - Ryan Smyth is hit by Tomas Kaberle and loses puck.
1:39 of 1st period - Shot by Nicklas Lidstrom.
1:39 of 1st period - Shot Blocked by Derek Morris.
1:43 of 1st period - Shot by Ryan Smyth.
1:43 of 1st period - Deflect By Shawn Horcoff.
1:43 of 1st period - Stopped by Tomas Vokoun without a rebound.
1:44 of 1st period - Jeff Carter wins face-off versus Saku Koivu in Predators zone.
2:13 of 1st period - Shot by Saku Koivu.
2:13 of 1st period - Shot Misses the Net.
2:15 of 1st period - Shot by Fernando Pisani.
2:15 of 1st period - Shot Blocked by Shea Weber.
2:17 of 1st period - Shot by Alexei Zhitnik.
2:17 of 1st period - Stopped by Tomas Vokoun without a rebound.
2:18 of 1st period - Marty Reasoner wins face-off versus Josef Vasicek in Predators zone.
2:31 of 1st period - Shot by Radek Dvorak.
2:31 of 1st period - Stopped by Tomas Vokoun without a rebound.
2:32 of 1st period - Ryan Johnson wins face-off versus Scott Nichol in Predators zone.
2:48 of 1st period - Steve Sullivan is hit by Nicklas Lidstrom and loses puck.
2:49 of 1st period - Minor Penalty to Alexei Zhitnik for Boarding.
2:50 of 1st period - David Legwand wins face-off versus Marty Reasoner in Oilers zone.
3:49 of 1st period - Nicklas Lidstrom is hit by Jeff Carter and loses puck.
4:54 of 1st period - David Legwand is hit by Jaroslav Spacek and loses puck.
4:59 of 1st period - Shot by Todd Bertuzzi.
4:59 of 1st period - Shot Misses the Net.
5:03 of 1st period - Shot by Martin Erat.
5:03 of 1st period - Stopped by Dwayne Roloson without a rebound.
5:04 of 1st period - Shawn Horcoff wins face-off versus Scott Nichol in Oilers zone.
5:13 of 1st period - Shot by Shawn Horcoff.
5:13 of 1st period - Shot Misses the Net.
5:15 of 1st period - Shot by Shawn Horcoff.
5:15 of 1st period - Stopped by Tomas Vokoun without a rebound.
5:16 of 1st period - Ryan Smyth wins face-off versus Martin Erat in Predators zone.
6:34 of 1st period - Shot by Brad Boyes.
6:34 of 1st period - Stopped by Dwayne Roloson without a rebound.
6:35 of 1st period - Jeff Carter wins face-off versus Ryan Johnson in Oilers zone.
6:42 of 1st period - Shot by Scott Hartnell.
6:42 of 1st period - Deflect By Steve Sullivan.
6:42 of 1st period - Stopped by Dwayne Roloson without a rebound.
6:43 of 1st period - Jeff Carter wins face-off versus Saku Koivu in Oilers zone.
7:03 of 1st period - Daniel Tjarnqvist is hit by Shea Weber and loses puck.
7:06 of 1st period - Shot by Pierre-Marc Bouchard.
7:06 of 1st period - Shot Misses the Net.
7:21 of 1st period - Icing by Jeff Carter.
7:22 of 1st period - Ryan Johnson wins face-off versus Jeff Carter in Predators zone.
7:55 of 1st period - Shot by Martin Erat.
7:55 of 1st period - Stopped by Dwayne Roloson with a rebound.
7:57 of 1st period - Shot by Josef Vasicek.
7:57 of 1st period - Goal by Josef Vasicek - Predators : 1 - Oilers : 1.
7:58 of 1st period - Ryan Smyth wins face-off versus David Legwand in neutral zone.
8:15 of 1st period - Shot by Ryan Smyth.
8:15 of 1st period - Shot Misses the Net.
8:21 of 1st period - Shot by Ryan Smyth.
8:21 of 1st period - Shot Misses the Net.
8:45 of 1st period - Shot by Raffi Torres.
8:45 of 1st period - Stopped by Tomas Vokoun without a rebound.
8:46 of 1st period - Saku Koivu wins face-off versus Josef Vasicek in Predators zone.
9:05 of 1st period - Icing by Alexei Zhitnik.
9:06 of 1st period - Saku Koivu wins face-off versus Jeff Carter in Oilers zone.
9:41 of 1st period - Shot by Scott Hartnell.
9:41 of 1st period - Stopped by Dwayne Roloson without a rebound.
9:42 of 1st period - Marty Reasoner wins face-off versus Josef Vasicek in Oilers zone.
9:47 of 1st period - Shot by Martin Erat.
9:47 of 1st period - Stopped by Dwayne Roloson without a rebound.
9:48 of 1st period - David Legwand wins face-off versus Marty Reasoner in Oilers zone.
9:58 of 1st period - Minor Penalty to Francis Bouillon for Hooking.
9:59 of 1st period - David Legwand wins face-off versus Ryan Johnson in Oilers zone.
10:16 of 1st period - Shot by David Legwand.
10:16 of 1st period - Shot Misses the Net.
10:18 of 1st period - Shot by Shea Weber.
10:18 of 1st period - Stopped by Dwayne Roloson without a rebound.
10:19 of 1st period - Jeff Carter wins face-off versus Marty Reasoner in Oilers zone.
11:34 of 1st period - Alexei Zhitnik is hit by Scott Hartnell and loses puck.
11:49 of 1st period - Shot by Paul Kariya.
11:49 of 1st period - Shot Hit the Post.
11:58 of 1st period - Minor Penalty to Martin Erat for Interference.
11:59 of 1st period - Scott Nichol wins face-off versus Shawn Horcoff in Oilers zone.
13:00 of 1st period - Shot by Fernando Pisani.
13:00 of 1st period - Shot Misses the Net.
13:02 of 1st period - Shot by Daniel Tjarnqvist.
13:02 of 1st period - Goal by Daniel Tjarnqvist - Predators : 1 - Oilers : 2.
13:03 of 1st period - Marty Reasoner wins face-off versus Jeff Carter in neutral zone.
13:55 of 1st period - Francis Bouillon is hit by Steve Sullivan and loses puck.
14:21 of 1st period - Shot by Saku Koivu.
14:21 of 1st period - Shot Misses the Net.
14:33 of 1st period - Shot by Josef Vasicek.
14:33 of 1st period - Shot Misses the Net.
14:53 of 1st period - Icing by Daniel Tjarnqvist.
14:54 of 1st period - Saku Koivu wins face-off versus David Legwand in Oilers zone.
16:04 of 1st period - Shot by Petr Sykora.
16:04 of 1st period - Stopped by Tomas Vokoun without a rebound.
16:05 of 1st period - Marty Reasoner wins face-off versus Josef Vasicek in Predators zone.
16:22 of 1st period - Shot by Martin Erat.
16:22 of 1st period - Shot Misses the Net.
16:26 of 1st period - Shot by Zbynek Michalek.
16:26 of 1st period - Stopped by Dwayne Roloson without a rebound.
16:27 of 1st period - Petr Sykora wins face-off versus Scott Nichol in Oilers zone.
16:47 of 1st period - Petr Sykora is hit by Derek Morris and loses puck.
17:31 of 1st period - Shot by Radek Dvorak.
17:31 of 1st period - Shot Misses the Net.
17:33 of 1st period - Shot by Francis Bouillon.
17:33 of 1st period - Stopped by Tomas Vokoun with a rebound.
17:35 of 1st period - Shot by Marty Reasoner.
17:35 of 1st period - Stopped by Tomas Vokoun without a rebound.
17:36 of 1st period - Josef Vasicek wins face-off versus Ryan Johnson in Predators zone.
17:36 of 1st period - Josef Vasicek is hit by Ryan Johnson.

Period #2

0:01 of 2nd period - Shawn Horcoff wins face-off versus David Legwand in neutral zone.
0:20 of 2nd period - Shot by Paul Kariya.
0:20 of 2nd period - Shot Misses the Net.
0:24 of 2nd period - Shot by David Legwand.
0:24 of 2nd period - Stopped by Dwayne Roloson without a rebound.
0:25 of 2nd period - Jeff Carter wins face-off versus Saku Koivu in Oilers zone.
0:26 of 2nd period - Shot by Shea Weber.
0:26 of 2nd period - Shot Misses the Net.
0:28 of 2nd period - Shot by Ryan Suter.
0:28 of 2nd period - Stopped by Dwayne Roloson without a rebound.
0:29 of 2nd period - Marty Reasoner wins face-off versus Scott Hartnell in Oilers zone.
1:54 of 2nd period - Shot by David Legwand.
1:54 of 2nd period - Stopped by Dwayne Roloson without a rebound.
1:55 of 2nd period - Josef Vasicek wins face-off versus Saku Koivu in Oilers zone.
2:01 of 2nd period - Icing by Saku Koivu.
2:02 of 2nd period - Josef Vasicek wins face-off versus Saku Koivu in Oilers zone.
2:03 of 2nd period - Shot by Martin Erat.
2:03 of 2nd period - Stopped by Dwayne Roloson without a rebound.
2:04 of 2nd period - Saku Koivu wins face-off versus Martin Erat in Oilers zone.
2:19 of 2nd period - Shot by Fernando Pisani.
2:19 of 2nd period - Shot Misses the Net.
2:21 of 2nd period - Shot by Saku Koivu.
2:21 of 2nd period - Stopped by Tomas Vokoun without a rebound.
2:22 of 2nd period - David Legwand wins face-off versus Ryan Johnson in Predators zone.
3:02 of 2nd period - Off-side.
3:03 of 2nd period - Jeff Carter wins face-off versus Marty Reasoner in neutral zone.
3:19 of 2nd period - Shot by Steve Sullivan.
3:19 of 2nd period - Shot Blocked by Francis Bouillon.
3:44 of 2nd period - Icing by Shea Weber.
3:45 of 2nd period - Shawn Horcoff wins face-off versus Jeff Carter in Predators zone.
5:07 of 2nd period - Josef Vasicek is hit by Fernando Pisani and loses puck.
5:26 of 2nd period - Minor Penalty to Radek Dvorak for Roughing.
5:27 of 2nd period - Ryan Johnson wins face-off versus Brad Boyes in neutral zone.
6:20 of 2nd period - Icing by Shea Weber.
6:21 of 2nd period - Marty Reasoner wins face-off versus David Legwand in Predators zone.
6:35 of 2nd period - Scott Hartnell is hit by Alexei Zhitnik.
6:41 of 2nd period - Shot by Paul Kariya.
6:41 of 2nd period - Stopped by Dwayne Roloson without a rebound.
6:42 of 2nd period - Marty Reasoner wins face-off versus Jeff Carter in Oilers zone.
7:12 of 2nd period - Icing by Jeff Carter.
7:13 of 2nd period - Jeff Carter wins face-off versus Ryan Johnson in Predators zone.
7:53 of 2nd period - Shot by Marty Reasoner.
7:53 of 2nd period - Stopped by Tomas Vokoun without a rebound.
7:54 of 2nd period - Shawn Horcoff wins face-off versus David Legwand in Predators zone.
7:55 of 2nd period - Shot by Ryan Smyth.
7:55 of 2nd period - Goal by Ryan Smyth - Predators : 1 - Oilers : 3.
7:56 of 2nd period - Shawn Horcoff wins face-off versus David Legwand in neutral zone.
8:12 of 2nd period - Icing by Paul Kariya.
8:13 of 2nd period - David Legwand wins face-off versus Saku Koivu in Predators zone.
8:31 of 2nd period - Icing by Alexei Zhitnik.
8:32 of 2nd period - Josef Vasicek wins face-off versus Saku Koivu in Oilers zone.
9:21 of 2nd period - Shot by Scott Hartnell.
9:21 of 2nd period - Stopped by Dwayne Roloson with a rebound.
9:23 of 2nd period - Shot by Scott Hartnell.
9:23 of 2nd period - Stopped by Dwayne Roloson without a rebound.
9:24 of 2nd period - Scott Nichol wins face-off versus Shawn Horcoff in Oilers zone.
9:52 of 2nd period - Steve Sullivan is hit by Jaroslav Spacek and loses puck.
10:09 of 2nd period - Steve Sullivan is hit by Nicklas Lidstrom and loses puck.
10:39 of 2nd period - Shot by Steve Staios.
10:39 of 2nd period - Shot Misses the Net.
12:51 of 2nd period - Icing by Shea Weber.
12:52 of 2nd period - Jeff Carter wins face-off versus Raffi Torres in Predators zone.
13:10 of 2nd period - Off-side.
13:11 of 2nd period - Josef Vasicek wins face-off versus Shawn Horcoff in neutral zone.
13:16 of 2nd period - Shot by Paul Kariya.
13:16 of 2nd period - Shot Misses the Net.
13:29 of 2nd period - Icing by Nicklas Lidstrom.
13:30 of 2nd period - Scott Nichol wins face-off versus Shawn Horcoff in Oilers zone.
13:30 of 2nd period - Scott Nichol is hit by Jaroslav Spacek.
13:53 of 2nd period - Icing by Jaroslav Spacek.
13:54 of 2nd period - David Legwand wins face-off versus Shawn Horcoff in Oilers zone.
14:22 of 2nd period - Minor Penalty to Zbynek Michalek for Hooking.
14:23 of 2nd period - Saku Koivu wins face-off versus Scott Nichol in Predators zone.
14:50 of 2nd period - Ryan Suter is hit by Fernando Pisani and loses puck.
16:22 of 2nd period - Minor Penalty to Shea Weber for Slashing.
16:23 of 2nd period - Shawn Horcoff wins face-off versus Paul Kariya in Predators zone.
16:39 of 2nd period - Off-side.
16:40 of 2nd period - Saku Koivu wins face-off versus Scott Nichol in neutral zone.
17:31 of 2nd period - Shot by Nicklas Lidstrom.
17:31 of 2nd period - Stopped by Tomas Vokoun with a rebound.
17:33 of 2nd period - Shot by Ryan Smyth.
17:33 of 2nd period - Goal by Ryan Smyth - Predators : 1 - Oilers : 4.
17:33 of 2nd period - Chris Mason enters game.
17:34 of 2nd period - Jeff Carter wins face-off versus Marty Reasoner in neutral zone.
17:58 of 2nd period - Minor Penalty to Jeff Carter for Hooking.
17:59 of 2nd period - Shawn Horcoff wins face-off versus David Legwand in neutral zone.
18:18 of 2nd period - Shot by Ryan Smyth.
18:18 of 2nd period - Deflect By Petr Sykora.
18:18 of 2nd period - Stopped by Chris Mason without a rebound.
18:19 of 2nd period - Saku Koivu wins face-off versus Scott Nichol in Predators zone.
18:24 of 2nd period - Shot by Saku Koivu.
18:24 of 2nd period - Shot Misses the Net.
18:26 of 2nd period - Shot by Pierre-Marc Bouchard.
18:26 of 2nd period - Stopped by Chris Mason with a rebound.
19:52 of 2nd period - Icing by Pierre-Marc Bouchard.
19:53 of 2nd period - Saku Koivu wins face-off versus David Legwand in Oilers zone.

Period #3

0:01 of 3rd period - Petr Sykora wins face-off versus David Legwand in neutral zone.
0:26 of 3rd period - Shot by Ryan Smyth.
0:26 of 3rd period - Goal by Ryan Smyth - Predators : 1 - Oilers : 5.
0:27 of 3rd period - Jeff Carter wins face-off versus Saku Koivu in neutral zone.
0:30 of 3rd period - Shot by Shea Weber.
0:30 of 3rd period - Shot Misses the Net.
0:34 of 3rd period - Shot by Scott Hartnell.
0:34 of 3rd period - Stopped by Dwayne Roloson without a rebound.
0:35 of 3rd period - Josef Vasicek wins face-off versus Marty Reasoner in Oilers zone.
0:40 of 3rd period - Shot by Martin Erat.
0:40 of 3rd period - Stopped by Dwayne Roloson without a rebound.
0:41 of 3rd period - Jeff Carter wins face-off versus Saku Koivu in Oilers zone.
0:42 of 3rd period - Shot by Steve Sullivan.
0:42 of 3rd period - Shot Blocked by Alexei Zhitnik.
1:10 of 3rd period - Shot by Saku Koivu.
1:10 of 3rd period - Stopped by Chris Mason without a rebound.
1:11 of 3rd period - David Legwand wins face-off versus Shawn Horcoff in Predators zone.
1:11 of 3rd period - David Legwand is hit by Ryan Smyth.
1:33 of 3rd period - Shot by David Legwand.
1:33 of 3rd period - Shot Misses the Net.
1:48 of 3rd period - Icing by Jaroslav Spacek.
1:49 of 3rd period - Josef Vasicek wins face-off versus Shawn Horcoff in Oilers zone.
2:46 of 3rd period - Icing by Daniel Tjarnqvist.
2:47 of 3rd period - Saku Koivu wins face-off versus Jeff Carter in Oilers zone.
2:47 of 3rd period - Saku Koivu is hit by Scott Hartnell.
2:48 of 3rd period - Minor Penalty to Scott Hartnell for Roughing.
2:49 of 3rd period - Shawn Horcoff wins face-off versus David Legwand in Oilers zone.
6:18 of 3rd period - Shot by Saku Koivu.
6:18 of 3rd period - Shot Misses the Net.
6:29 of 3rd period - David Legwand is hit by Ryan Johnson and loses puck.
7:02 of 3rd period - Shot by Radek Dvorak.
7:02 of 3rd period - Shot Misses the Net.
7:04 of 3rd period - Shot by Marty Reasoner.
7:04 of 3rd period - Shot Misses the Net.
7:14 of 3rd period - Shot by Radek Dvorak.
7:14 of 3rd period - Stopped by Chris Mason with a rebound.
7:18 of 3rd period - Shot by Raffi Torres.
7:18 of 3rd period - Shot Misses the Net.
7:36 of 3rd period - Ryan Smyth is hit by David Legwand and loses puck.
7:45 of 3rd period - Jaroslav Spacek is hit by Derek Morris and loses puck.
7:48 of 3rd period - Shot by Shawn Horcoff.
7:48 of 3rd period - Stopped by Chris Mason without a rebound.
7:49 of 3rd period - Saku Koivu wins face-off versus Josef Vasicek in Predators zone.
7:51 of 3rd period - Pierre-Marc Bouchard is hit by Zbynek Michalek and loses puck.
7:59 of 3rd period - Off-side.
8:00 of 3rd period - Saku Koivu wins face-off versus Jeff Carter in neutral zone.
8:42 of 3rd period - Shot by Jeff Carter.
8:42 of 3rd period - Deflect By Scott Hartnell.
8:42 of 3rd period - Stopped by Dwayne Roloson without a rebound.
8:43 of 3rd period - Shawn Horcoff wins face-off versus Josef Vasicek in Oilers zone.
9:02 of 3rd period - Shot by Zbynek Michalek.
9:02 of 3rd period - Shot Hit the Post.
9:04 of 3rd period - Shot by Josef Vasicek.
9:04 of 3rd period - Stopped by Dwayne Roloson without a rebound.
9:05 of 3rd period - Josef Vasicek wins face-off versus Marty Reasoner in Oilers zone.
9:35 of 3rd period - Radek Dvorak is hit by Marek Zidlicky and loses puck.
9:57 of 3rd period - Petr Sykora is hit by Todd Bertuzzi and loses puck.
10:04 of 3rd period - Shot by Ryan Smyth.
10:04 of 3rd period - Stopped by Chris Mason with a rebound.
10:06 of 3rd period - Shot by Ryan Smyth.
10:06 of 3rd period - Stopped by Chris Mason without a rebound.
10:07 of 3rd period - Ryan Johnson wins face-off versus Jeff Carter in Predators zone.
11:09 of 3rd period - Francis Bouillon is hit by Scott Nichol.
11:10 of 3rd period - Icing by Francis Bouillon.
11:11 of 3rd period - Scott Nichol wins face-off versus Marty Reasoner in Oilers zone.
11:24 of 3rd period - Shot by Steve Sullivan.
11:24 of 3rd period - Shot Blocked by Francis Bouillon.
11:34 of 3rd period - Shot by Tomas Kaberle.
11:34 of 3rd period - Stopped by Dwayne Roloson without a rebound.
11:35 of 3rd period - Shawn Horcoff wins face-off versus David Legwand in Oilers zone.
11:35 of 3rd period - Shawn Horcoff is hit by David Legwand.
11:45 of 3rd period - Shot by Paul Kariya.
11:45 of 3rd period - Deflect By David Legwand.
11:45 of 3rd period - Shot Blocked by Daniel Tjarnqvist.
12:05 of 3rd period - Shot by Petr Sykora.
12:05 of 3rd period - Deflect By Ryan Smyth.
12:05 of 3rd period - Stopped by Chris Mason without a rebound.
12:06 of 3rd period - Saku Koivu wins face-off versus Josef Vasicek in Predators zone.
12:27 of 3rd period - Shot by Martin Erat.
12:27 of 3rd period - Shot Misses the Net.
13:01 of 3rd period - Icing by Steve Staios.
13:02 of 3rd period - Scott Nichol wins face-off versus Marty Reasoner in Oilers zone.
13:15 of 3rd period - Shot by Steve Sullivan.
13:15 of 3rd period - Shot Misses the Net.
13:17 of 3rd period - Shot by Steve Sullivan.
13:17 of 3rd period - Stopped by Dwayne Roloson without a rebound.
13:18 of 3rd period - Shawn Horcoff wins face-off versus Jeff Carter in Oilers zone.
13:18 of 3rd period - Shawn Horcoff is hit by Scott Hartnell.
14:13 of 3rd period - Major / Game Misconduct Penalty to Shea Weber for Unsportsmanlike conduct.
14:13 of 3rd period - Shea Weber is ejected from game.
14:14 of 3rd period - David Legwand wins face-off versus Saku Koivu in Predators zone.
14:34 of 3rd period - Shot by Saku Koivu.
14:34 of 3rd period - Shot Blocked by Scott Nichol.
14:36 of 3rd period - Shot by Francis Bouillon.
14:36 of 3rd period - Shot Blocked by Derek Morris.
14:39 of 3rd period - Fernando Pisani is hit by Derek Morris and loses puck.
14:48 of 3rd period - Shot by Francis Bouillon.
14:48 of 3rd period - Stopped by Chris Mason without a rebound.
14:49 of 3rd period - Shawn Horcoff wins face-off versus David Legwand in Predators zone.
14:50 of 3rd period - Shot by Ryan Smyth.
14:50 of 3rd period - Stopped by Chris Mason without a rebound.
14:51 of 3rd period - David Legwand wins face-off versus Shawn Horcoff in Predators zone.
14:51 of 3rd period - David Legwand is hit by Ryan Smyth.
15:00 of 3rd period - Off-side.
15:01 of 3rd period - David Legwand wins face-off versus Saku Koivu in neutral zone.
15:41 of 3rd period - Scott Nichol is hit by Nicklas Lidstrom and loses puck.
15:56 of 3rd period - Off-side.
15:57 of 3rd period - Josef Vasicek wins face-off versus Shawn Horcoff in neutral zone.
16:10 of 3rd period - Shot by Nicklas Lidstrom.
16:10 of 3rd period - Stopped by Chris Mason without a rebound.
16:11 of 3rd period - David Legwand wins face-off versus Saku Koivu in Predators zone.
17:13 of 3rd period - Scott Nichol is hit by Ryan Smyth and loses puck.
17:27 of 3rd period - Icing by Fernando Pisani.
17:28 of 3rd period - Josef Vasicek wins face-off versus Saku Koivu in Oilers zone.
18:06 of 3rd period - Shot by Ryan Smyth.
18:06 of 3rd period - Stopped by Chris Mason without a rebound.
18:07 of 3rd period - Shawn Horcoff wins face-off versus Scott Nichol in Predators zone.
18:08 of 3rd period - Shot by Nicklas Lidstrom.
18:08 of 3rd period - Shot Misses the Net.
18:58 of 3rd period - Shot by Steve Staios.
18:58 of 3rd period - Shot Misses the Net.
19:00 of 3rd period - Shot by Marty Reasoner.
19:00 of 3rd period - Shot Blocked by Marek Zidlicky.
19:02 of 3rd period - Shot by Ethan Moreau.
19:02 of 3rd period - Deflect By Patrick Thoresen.
19:02 of 3rd period - Shot Hit the Post.
19:06 of 3rd period - Shot by Francis Bouillon.
19:06 of 3rd period - Stopped by Chris Mason with a rebound.
19:08 of 3rd period - Shot by Patrick Thoresen.
19:08 of 3rd period - Stopped by Chris Mason without a rebound.
19:09 of 3rd period - Saku Koivu wins face-off versus Paul Kariya in Predators zone.
19:24 of 3rd period - Shot by Radek Dvorak.
19:24 of 3rd period - Goal by Radek Dvorak - Predators : 1 - Oilers : 6.
19:25 of 3rd period - Ryan Johnson wins face-off versus Jeff Carter in neutral zone.
19:38 of 3rd period - Shot by Ethan Moreau.
19:38 of 3rd period - Shot Blocked by Steve Sullivan.
19:56 of 3rd period - Shot by Steve Sullivan.
19:56 of 3rd period - Stopped by Dwayne Roloson without a rebound.
19:57 of 3rd period - David Legwand wins face-off versus Marty Reasoner in Oilers zone.


Output by the SimonT Hockey Simulator (STHS) for Stephane Roy -- Original Page W3C XHTML 1.0 Valid